 Dungeon Crawl Stone Soup version 0.25-b1-37-g2669288c55 (webtiles) character file.

Game seed: 14931312673840582052

4210 funkygono the Cudgeler (level 10, -7/60 HPs)
             Began as a Gargoyle Fighter on June 6, 2020.
             Was a Believer of Vehumet.
             Mangled by an orc knight
             ... wielding a +0 glaive
              (13 damage)
             ... in a bailey.
             The game lasted 00:23:35 (10440 turns).

funkygono the Cudgeler (Gargoyle Fighter)          Turns: 10440, Time: 00:23:36

Health: -7/60      AC: 17    Str: 22    XL:     10   Next: 29%
Magic:  26/26      EV: 10    Int: 10    God:    Vehumet [**....]
Gold:   386        SH: 11    Dex:  9    Spells: 15/18 levels left

rFire    . . .     SeeInvis .   J - +3 whip (flame)
rCold    . . .     Gourm    .   c - +1 kite shield
rNeg     + . .     Faith    .   A - +2 ring mail {MR+}
rPois    ∞         Spirit   .   (no helmet)
rElec    +         Reflect  .   (no cloak)
rCorr    .         Harm     .   O - +0 pair of gloves
MR       +....                  (no boots)
Stlth    +.........             x - amulet of magic regeneration
HPRegen  0.20/turn              j - ring of wizardry
MPRegen  0.45/turn              v - ring of magical power

@: no status effects
A: negative energy resistance 1, electricity resistance, unbreathing,
petrification resistance, rot immunity, AC +7
a: Renounce Religion


You were in a bailey.
You worshipped Vehumet.
Vehumet was pleased with you.
You were not hungry.

You visited 2 branches of the dungeon, and saw 9 of its levels.
You also visited: Bailey.

You collected 386 gold pieces.

Inventory:

Hand Weapons
 a - a +1 flail
 g - a +0 quarterstaff
 F - a +2 long sword of holy wrath
 J - a +3 whip of flaming (weapon)
Missiles
 i - 224 stones (quivered)
Armour
 b - a +0 scale mail
 c - a +1 kite shield (worn)
 y - a +0 chain mail
 A - a +2 ring mail of magic resistance (worn)
 O - a +0 pair of gloves (worn)
Jewellery
 d - an uncursed ring of see invisible
 j - a ring of wizardry (left hand)
 k - an uncursed ring of fire
 s - an uncursed ring of positive energy
 v - a ring of magical power (right hand)
 x - an amulet of magic regeneration (around neck)
 G - an uncursed ring of protection from magic {unknown}
 L - an uncursed ring of protection from magic {unknown}
Wands
 t - a wand of paralysis (1)
 w - a wand of digging (7)
 B - a wand of polymorph (4)
Scrolls
 h - 7 scrolls of amnesia
 l - a scroll of blinking
 q - a scroll of magic mapping
 C - a scroll of fear
 E - 3 scrolls of remove curse
 K - a scroll of fog
Potions
 e - a potion of stabbing
 m - a potion of ambrosia
 n - 5 potions of haste
 o - 2 potions of lignification
 p - a potion of brilliance {unknown}
 r - 2 potions of cancellation {unknown}
 u - 2 potions of mutation {unknown}
 z - a potion of curing
 H - a potion of flight {unknown}
 N - 2 potions of degeneration {unknown}
 Q - a potion of invisibility {unknown}
Comestibles
 f - 14 rations


   Skills:
 + Level 5.7 Fighting
 + Level 7.7 Maces & Flails
 + Level 7.1 Armour
 + Level 3.0 Dodging
 + Level 2.4 Stealth
 + Level 6.4 Shields
 * Level 4.9 Spellcasting
 * Level 5.3 Conjurations
 + Level 1.4 Evocations


You had 15 spell levels left.
You knew the following spells:

 Your Spells              Type           Power        Failure   Level  Hunger
a - Magic Dart            Conj           ##..         4%          1    #......
b - Searing Ray           Conj           ##....       8%          2    ##.....

Your spell library contained the following spells:

 Spells                   Type           Power        Failure   Level  Hunger
 Confusing Touch          Hex            #.......     75%         3    ###....
 Gell's Gravitas          Tloc           #.........   75%         3    ###....
 Petrify                  Tmut/Erth      #.......     98%         4    #####..
 Metabolic Englaciation   Hex/Ice        #.........   100%        5    ######.
 Yara's Violent Unravell  Hex/Tmut       #.........   100%        5    ######.


Dungeon Overview and Level Annotations

Branches:
Dungeon (8/15)             Temple (1/1) D:4          Bailey (1/1)
   Lair: D:8-11

Altars:
Ashenzari
Cheibriados
Dithmenos
Elyvilon
Fedhas
Hepliaklqana
Makhleb
Nemelex Xobeh
Okawaru
Qazlal
Ru
Sif Muna
Trog
Uskayaw
Vehumet
Wu Jian
Xom
Yredelemnul
Zin


Innate Abilities, Weirdness & Mutations

You are resistant to torment.
Your stone body is resilient. (AC +7)
You are immune to poison.
You resist negative energy. (rN+)
You are resistant to electric shocks. (rElec)
You can survive without breathing.
You are immune to petrification.
You are immune to rotting.


Message History

Press: ? - help, Shift-Dir - straight line, f/p - orc knight
Aim: an orc knight, wielding a +0 glaive, wearing a +0 plate armour and wearing the macabre finger necklace {rN+} (almost dead, chance to defeat MR: 32%)
The orc knight easily resists.
The orc knight hits you from afar with a +0 glaive.
* * * LOW HITPOINT WARNING * * *
Items here: )) [[ a +0 spear; a +0 scale mail; a +0 trident; a +0 scale mail The orc knight barely misses you.
The orc knight hits you from afar with a +0 glaive.
* * * LOW HITPOINT WARNING * * *
You block the orc knight's attack. You block the orc knight's attack.
You block the orc knight's attack. You block the orc knight's attack.
You block the orc knight's attack.
There is a gate leading back out of this place here.
The orc knight hits you from afar with a +0 glaive!
* * * LOW HITPOINT WARNING * * *
The orc knight hits you from afar with a +0 glaive!
You die...

##.≈≈..#+#..§§.§.⌠§..≈
#∩.≈≈..# #.§≈≈.)⌠∩⌠..≈
#.≈≈..## #..≈≈).)..≈≈
#.≈).## #..≈≈≈≈≈≈≈.
#.≈.## #.........
#.≈.#########'###+####
#.≈o.........##.....##
#.≈≈≈≈≈≈≈≈≈≈..##.∩.##.
#....@.....≈≈..## ##..
##########..≈≈..###..≈
##..≈≈..)..≈≈
##..≈≈≈≈≈≈≈.
##......... ##########


You could see an orc knight.

Vanquished Creatures
  2 orc knights (Bailey)
  Joseph (D:7)
  A hippogriff (D:7)
  A water moccasin (D:8)
  2 ice beasts
  3 orc warriors
  A sky beast (D:5)
  2 phantoms
  A hornet zombie (D:8)
  4 ogres
  2 centaurs
  2 bullfrogs
  Blork the orc (D:5)
  3 scorpions
  A howler monkey (D:4)
  A crimson imp (D:7)
  2 bullfrog skeletons
  A centaur zombie (D:5)
  2 hounds
  A centaur skeleton (D:5)
  3 orc priests
  6 orc wizards
  An iguana (D:5)
  Ijyb (D:4)
  3 worker ants
  A hound skeleton (D:5)
  A howler monkey zombie (D:7)
  13 gnolls
  9 adders
  3 shadow imps
  An adder zombie (D:6)
  2 adder skeletons
  3 worms
  3 dart slugs
  A leopard gecko (D:1)
  33 orcs
  5 giant cockroaches
  11 goblins
  13 hobgoblins
  6 jackals
  10 kobolds
  4 quokkas
  6 bats
  4 frilled lizards
  A jackal skeleton (D:7)
  A quokka skeleton (D:5)
  5 rats
184 creatures vanquished.

Notes
Turn   | Place    | Note
-------+----------+-------------------------------------------
     0 | D:1      | funkygono the Gargoyle Fighter began the quest for the Orb.
     0 | D:1      | Reached XP level 1. HP: 14/14 MP: 1/1
   229 | D:1      | Reached XP level 2. HP: 19/19 MP: 2/2
   617 | D:1      | Reached XP level 3. HP: 22/23 MP: 3/3
  1586 | D:3      | Reached XP level 4. HP: 11/29 MP: 4/4
  1817 | D:3      | Found a white marble altar of Elyvilon.
  1853 | D:3      | Found a blossoming altar of Fedhas.
  2224 | D:3      | Reached XP level 5. HP: 33/33 MP: 5/5
  2796 | D:3      | Found a shimmering blue altar of Sif Muna.
  2887 | D:3      | Reached XP level 6. HP: 38/38 MP: 6/6
  3375 | D:4      | Found a stormy altar of Qazlal.
  3376 | D:4      | Noticed an air elemental
  3376 | D:4      | Noticed a water elemental
  3376 | D:4      | Noticed a fire elemental
  3437 | D:4      | Reached skill level 1 in Dodging
  3873 | D:4      | Found a staircase to the Ecumenical Temple.
  3881 | Temple   | Entered the Ecumenical Temple
  4018 | Temple   | Became a worshipper of Vehumet
  4300 | D:4      | Noticed Ijyb
  4353 | D:4      | Killed Ijyb
  4353 | D:4      | Reached XP level 7. HP: 26/44 MP: 7/7
  4686 | D:5      | Entered Level 5 of the Dungeon
  4732 | D:5      | Reached skill level 1 in Stealth
  4798 | D:5      | Reached skill level 5 in Maces & Flails
  4798 | D:5      | Reached skill level 5 in Armour
  5523 | D:5      | Noticed Blork the orc
  5529 | D:5      | Killed Blork the orc
  5529 | D:5      | Reached skill level 5 in Shields
  5529 | D:5      | Reached XP level 8. HP: 41/48 MP: 8/8
  5530 | D:5      | Reached * piety under Vehumet
  5530 | D:5      | Offered knowledge of Magic Dart by Vehumet.
  5538 | D:5      | Learned a level 1 spell: Magic Dart
  5807 | D:5      | Reached skill level 1 in Spellcasting
  5807 | D:5      | Reached skill level 1 in Conjurations
  5950 | D:5      | Reached skill level 5 in Fighting
  7673 | D:7      | Noticed Joseph
  7690 | D:7      | Noticed a hippogriff
  7727 | D:7      | HP: 1/49 [Joseph/sling bullet (11)]
  7752 | D:7      | Killed Joseph
  7752 | D:7      | Reached XP level 9. HP: 21/54 MP: 12/12
  8586 | D:7      | Offered knowledge of Shock by Vehumet.
  8619 | D:7      | Reached ** piety under Vehumet
  9472 | D:8      | Found a flagged portal.
  9552 | Bailey   | Entered a bailey
  9924 | Bailey   | Offered knowledge of Searing Ray by Vehumet.
  9970 | Bailey   | Learned a level 2 spell: Searing Ray
  9990 | Bailey   | Noticed an orc knight
 10211 | Bailey   | Noticed an orc knight
 10211 | Bailey   | Noticed an orc knight
 10318 | Bailey   | Killed an orc knight
 10318 | Bailey   | Reached skill level 1 in Evocations
 10318 | Bailey   | Reached XP level 10. HP: 32/60 MP: 16/16
 10319 | Bailey   | Reached skill level 5 in Conjurations
 10324 | Bailey   | Killed an orc knight
 10440 | Bailey   | Mangled by an orc knight

Illustrated notes

Levels and vault maps discovered:
D:1:      tarquinn_simple_flora_water_a, layout_loops_corners
D:2:      layout_basic, minmay_liquid_box
D:3:      layout_loops_ring, lemuel_coloured_pillars_altar, fedhas_altar_1,
          lemuel_blue_sif_altar, first_ration, minmay_cut_off
D:4:      layout_basic, minmay_temple_entry_statues,
          nicolae_qazlal_style_of_elements, uniq_ijyb
D:5:      cheibrodos_barr_body, layout_layer_cave, kennysheep_cluttered_room,
          grunt_ministairs_4, minmay_misc_feat_four_crosses, uniq_blork_the_orc
D:6:      layout_gridville
D:7:      layout_loops_corners, grunt_ogre_cave, uniq_joseph
D:8:      layout_loops_cross, nicolae_overflow_hidden_temple, enter_bailey_3
Temple:   nicolae_temple_elliptical
Bailey:   bailey_polearm_1, bailey

Skill      XL: |  1  2  3  4  5  6  7  8  9 10 |
---------------+-------------------------------+-----
Maces & Flails | 3 4 5 6 7 |  7.7
Armour         | 4 5 6 7 |  7.1
Shields        | 4 5 6 |  6.4
Fighting       | 4 5 |  5.7
Dodging        | 1 2 3 |  3.0
Stealth        | 1 2 |  2.4
Spellcasting   | 2 4 |  4.9
Conjurations   | 2 4 5 |  5.3
Evocations     | 1 |  1.4

Action                   |  1- 3 |  4- 6 |  7- 9 | 10-12 || total
-------------------------+-------+-------+-------+-------++-------
Melee: Flail             |   157 |   192 |   269 |       ||   618
       Unarmed           |       |    23 |    21 |       ||    44
       Whip              |       |       |   230 |    22 ||   252
 Cast: Magic Dart        |       |       |   171 |     1 ||   172
       Searing Ray       |       |       |     7 |       ||     7
Evoke: Wand              |       |       |    20 |    15 ||    35
  Use: Scroll            |     6 |     5 |     7 |       ||    18
       Potion            |       |     1 |     7 |     1 ||     9
  Eat: Chunk             |     2 |     9 |    15 |       ||    26
       Ration            |       |       |     3 |       ||     3
Armor: Scale mail        |    85 |   106 |   184 |       ||   375
       Ring mail         |       |       |    65 |     3 ||    68
Dodge: Dodged            |    42 |    56 |   182 |     4 ||   284
Block: Kite shield       |    78 |    78 |   300 |    13 ||   469
